Map: 백워터 - 래더

Players

Rogue - Winner!

  • Race: Zerg Zerg
  • Spawn Location: 5:00

Impact

  • Race: Zerg Zerg
  • Spawn Location: 11:00

Event: IEM Season 12 - Katowice

VOD

Have the link to the VOD?

Description

Time

  • Played on: March 2, 2018, 11:10 a.m.
  • Length: 4:40

All games in this series

Show
View Real Time Build Order
Export as new Build Order

Rogue Zerg - Winner!

Build Orders: Pool First, Zergling Baneling 

Get SALT Encoding   

  12  0:00  Drone  
  13  0:12  Overlord  
  13  0:16  Drone  
  14  0:30  Drone  
  14  0:31  Drone  
  14  0:34  Drone  
  17  0:44  Extractor  
  17  0:45  Drone  
  17  0:49  Spawning Pool  
  16  0:56  Drone  
  17  1:07  Drone  
  18  1:18  Hatchery  
  17  1:36  Queen, Zergling x2  
  20  1:41  Drone  
  20  1:44  Metabolic Boost  
  22  1:54  Drone  
  22  2:03  Baneling Nest  
  22  2:07  Overlord  
  21  2:15  Queen, Extractor  
  23  2:25  Zergling x6  
  26  2:30  Zergling x2  
  27  2:38  Zergling x2  
  28  2:45  Zergling x4  
  28  2:46  Zergling x4  
  28  2:47  Baneling x2  
  32  2:55  Drone x2  
  34  3:02  Overlord  
  34  3:06  Drone  
  35  3:14  Zergling x2  
  34  3:22  Drone x3  
  34  3:23  Drone  
  34  3:24  Zergling x4  
  34  3:26  Zergling x2  
  39  3:30  Zergling x2  
  39  3:32  Zergling x2  
  38  3:38  Zergling x2  
  37  3:43  Zergling x2  
  37  3:46  Overlord  
  38  3:54  Baneling x2  
  38  3:55  Baneling x2  
  38  3:56  Zergling x2  
  38  4:01  Zergling x8  
  41  4:03  Zergling x4  
  41  4:05  Zergling x2  
  41  4:12  Zergling x2  
  42  4:19  Baneling x2  
  42  4:22  Zergling x2  
  42  4:25  Baneling  
Show
View Real Time Build Order
Export as new Build Order

Impact Zerg 

Build Orders: Hatch First 

Get SALT Encoding   

  12  0:00  Drone  
  13  0:13  Overlord  
  13  0:17  Drone  
  14  0:31  Drone x2  
  14  0:34  Drone  
  17  0:52  Hatchery  
  17  0:54  Drone  
  17  0:58  Drone  
  18  1:07  Drone  
  18  1:09  Extractor  
  18  1:16  Spawning Pool  
  17  1:20  Drone  
  18  1:29  Drone  
  19  1:39  Drone  
  20  1:49  Overlord  
  20  2:00  Drone  
  21  2:03  Queen x2  
  21  2:04  Zergling x2  
  21  2:08  Metabolic Boost  
  26  2:26  Hatchery  
  25  2:31  Zergling x2  
  25  2:32  Zergling x2  
  28  2:37  Zergling x4  
  28  2:41  Zergling x2  
  28  2:42  Zergling x2  
  31  2:45  Zergling x2  
  31  2:49  Evolution Chamber  
  31  2:53  Zergling x2  
  31  2:56  Zergling x2  
  32  3:02  Baneling Nest  
  32  3:07  Zergling x4  
  34  3:14  Zergling x2  
  34  3:17  Zergling x2  
  33  3:20  Zergling x2  
  33  3:24  Zergling x4  
  33  3:25  Zergling x2  
  30  3:30  Zergling x4  
  28  3:37  Zergling x2  
  28  3:40  Zergling x2  
  29  3:42  Zergling x2  
  29  3:45  Drone  
  31  4:01  Drone x2  
  33  4:05  Drone x2  
  33  4:07  Baneling x2  
  33  4:08  Baneling  
  34  4:11  Drone  
  34  4:12  Baneling  
  34  4:16  Drone  
  36  4:21  Drone  
  36  4:23  Drone  
  36  4:24  Baneling  

Tags
 
Add a new tag
Caveats
  • Supply blocks, unpowered buildings, or Contaminate may cause inaccurate times.
  • Supply counts are checked every 10 seconds.